 Dungeon Crawl Stone Soup version 0.18-a0-1577-gf591c28 (webtiles) character file.

52 Duffy the Skirmisher (level 3, 0/20 HPs)
             Began as a Vine Stalker Berserker on Mar 19, 2016.
             Was a Believer of Trog.
             Slain by a hobgoblin
             ... wielding a cursed -3 club
              (2 damage)
             ... while paralysed
             ... on level 2 of the Dungeon.
             The game lasted 00:01:24 (1079 turns).

Duffy the Skirmisher (Vine Stalker Berserker)       Turns: 1079, Time: 00:01:24

Health: 0/20       AC:  3    Str: 19    XL:     3   Next: 85%
Magic:  0/4        EV:  2    Int:  8    God:    Trog [**....]
Gold:   69         SH:  0    Dex: 13    Spells: 0 memorised, 2 levels left

rFire  . . .     SeeInvis .     d - +0 dagger
rCold  . . .     Gourm    .     i - +0 leather armour
rNeg   . . .     Faith    .     (no shield)
rPois  +         Spirit   +     (no helmet)
rElec  .         Dismiss  .     (no cloak)
rCorr  .         Reflect  .     (no gloves)
SustAt .         Harm     .     (no boots)
MR     .....                    (no amulet)
Stlth  ++........               (no ring)
                                h - ring of poison resistance

@: paralysed, exhausted, slowed, not resistant to hostile enchantments,
unstealthy
A: fangs 2, regeneration 1, magic shield, antimagic bite, no device heal 3, rot
immunity
a: Berserk, Trog's Hand, Burn Spellbooks, Renounce Religion


You were on level 2 of the Dungeon.
You worshipped Trog.
Trog was pleased with you.
You were hungry.

You visited 1 branch of the dungeon, and saw 2 of its levels.

You collected 69 gold pieces.


Innate Abilities, Weirdness & Mutations

You have extremely sharp teeth.
Your natural rate of healing is unusually fast.
When hurt, damage is shared between your health and your magic reserves.
Your bite disrupts and absorbs the magic of your enemies.
Potions and wands cannot restore your health.
You are immune to rotting.


   Skills:
 + Level 3.3 Fighting
 + Level 3.0 Short Blades
 - Level 1.5 Armour
 + Level 2.0 Dodging
 + Level 2.0 Stealth


You had 2 spell levels left.
You didn't know any spells.

Inventory:

Hand Weapons
 a - a +0 short sword
 d - a +0 dagger (weapon)
Missiles
 l - 2 needles of confusion
Armour
 b - a +0 animal skin
 i - a +0 leather armour (worn)
Jewellery
 h - a ring of poison resistance (left hand)
Scrolls
 e - a scroll of identify {unknown}
 j - a scroll of random uselessness {unknown}
 m - 2 scrolls of remove curse {unknown}
Potions
 f - 2 potions of invisibility {unknown}
 g - a potion of heal wounds {unknown}
 k - 2 potions of curing {unknown}
Comestibles
 c - a bread ration
 n - 2 chunks of flesh

Dungeon Overview and Level Annotations

Branches:
Dungeon (2/15)

Altars:


Message History

You are too injured to fight recklessly!
You are too injured to fight recklessly!
You are too injured to fight recklessly!
You puncture the gnoll! You bite the gnoll. You drain its power.
You feel invigorated.
You kill the gnoll!
Trog accepts your kill.
Your Short Blades skill increases to level 3!
The gnoll hits you with a whip! The gnoll closely misses you.
Things that are here:
a whip; a gnoll corpse You feel a strong urge to attack something.
A hobgoblin comes into view. It is wielding a club.
The hobgoblin shouts!
The gnoll closely misses you.
The gnoll hits you from afar with a spear.
You hit the gnoll.
The gnoll is moderately wounded.
The gnoll barely misses you.
The gnoll hits you from afar with a spear.
You hit the gnoll but do no damage. Your bite misses the gnoll.
The gnoll is moderately wounded.
You completely miss the gnoll. You bite the gnoll! You drain its power.
You feel invigorated.
You kill the gnoll!
Trog accepts your kill.
Your Dodging skill increases to level 2!
Your Stealth skill increases to level 2!
The gnoll hits you from afar with a spear.
You are no longer berserk.
You pass out from exhaustion.
You feel yourself slow down.
You are feeling hungry.
The hobgoblin hits you with a club.
You die...

....########....#
................#
....########....######
).....................
......................
......#######..#######
....#.# ##.# .)..#.#
#.###### #####.#
#).@g..# # #.#
##g....# # #.. #.....#
### #.....# ...#....
........#. ...#....# #
....#....#


You could see a gnoll and a hobgoblin.

Action                   || total
-------------------------++-------
Melee: Dagger            ||   106
       Short sword       ||     7
Invok: Berserk           ||     1
 Stab: Sleeping          ||     1
  Eat: Chunk             ||     1

Notes
Turn   | Place    | Note
--------------------------------------------------------------
     0 | D:1      | Duffy the Vine Stalker Berserker began the quest for the Orb.
     0 | D:1      | Reached XP level 1. HP: 11/11 MP: 2/2
   163 | D:1      | Reached XP level 2. HP: 2/16 MP: 0/3
   410 | D:1      | Reached skill level 1 in Stealth
   533 | D:1      | Reached skill level 3 in Fighting
   721 | D:1      | Reached XP level 3. HP: 15/20 MP: 4/4
  1042 | D:2      | Reached ** piety under Trog
  1073 | D:2      | Reached skill level 3 in Short Blades
  1078 | D:2      | Reached skill level 2 in Dodging
  1078 | D:2      | Reached skill level 2 in Stealth
  1079 | D:2      | Slain by a hobgoblin

Vault maps used:
D:1:      erik_arrival_cave_to_civilisation
D:2:      overflow_temple_1_default, yredelemnul_altar_generic, uniq_iyjb

Vanquished Creatures
  2 gnolls
  An ooze
  4 bats
  2 giant cockroaches
  3 goblins
  5 hobgoblins
  4 jackals
  A giant newt
  2 kobolds
  2 rats
26 creatures vanquished.
